 Dungeon Crawl Stone Soup version 0.19.4-12-gccf7e64 (webtiles) character file.

230 vatarom the Insei (level 6, 0/38 HPs)
             Began as an Octopode Transmuter on Feb 27, 2017.
             Slain by an orc
             ... wielding a +0 flail
              (12 damage)
             ... on level 3 of the Dungeon.
             The game lasted 00:05:56 (3088 turns).

vatarom the Insei (Octopode Transmuter)             Turns: 3088, Time: 00:05:57

Health: 0/38       AC:  1    Str: 10    XL:     6   Next: 3%
Magic:  9/9        EV: 13    Int: 15    God:
Gold:   47         SH:  0    Dex: 14    Spells: 3 memorised, 3 levels left

rFire  . . .     SeeInvis .       - Unarmed
rCold  . . .     Gourm    .     (no shield)
rNeg   . . .     Faith    .     (helmet restricted)
rPois  .         Spirit   .     (no amulet)
rElec  .         Reflect  .     (no ring)
rCorr  .         Harm     .     (no ring)
MR     .....                    (no ring)
Stlth  ++........               (no ring)
                                (no ring)
                                (no ring)
                                (no ring)
                                (no ring)

@: no status effects
A: almost no armour, stealthy swim, amphibious, 8 rings, constrict 8, camouflage
1, gelatinous body 1
a: no special abilities


You were on level 3 of the Dungeon.
You were full.

You visited 1 branch of the dungeon, and saw 3 of its levels.

You collected 47 gold pieces.

Inventory:

Missiles
 a - 76 arrows
Wands
 e - a wand of heal wounds (6/9)
Scrolls
 h - a scroll of teleportation
 i - a scroll of remove curse
 j - 2 scrolls of identify
 k - a scroll of enchant weapon
Potions
 d - a potion of haste
 f - a potion of magic {unknown}
Books
 b - a book of Changes

   Spells                             Type                      Level
   a - Beastly Appendage              Transmutation                1
   b - Sticks to Snakes               Transmutation                2
   c - Spider Form                    Transmutation/Poison         3
   d - Ice Form                       Ice/Transmutation            4
   e - Blade Hands                    Transmutation                5
Comestibles
 c - a bread ration
 g - a meat ration


   Skills:
 - Level 1.0 Fighting
 - Level 2.0 Dodging
 + Level 5.1 Unarmed Combat
 - Level 2.0 Spellcasting
 + Level 4.4 Transmutations


You had 3 spell levels left.
You knew the following spells:

 Your Spells              Type           Power        Failure   Level  Hunger
a - Beastly Appendage     Tmut           ##....       4%          1    #......
b - Sticks to Snakes      Tmut           ##......     8%          2    ###....
c - Spider Form           Tmut/Pois      #.........   30%         3    ###....


Dungeon Overview and Level Annotations

Branches:
Dungeon (3/15)

Altars:
Dithmenos
Elyvilon
Nemelex Xobeh


Innate Abilities, Weirdness & Mutations

You cannot wear most types of armour.
You are very stealthy in the water. (Stealth+)
You are amphibious.
You can wear up to eight rings at the same time.
You can use your tentacles to constrict eight enemies at once.
Your skin changes colour to match your surroundings (Stealth+).
Your rubbery body absorbs attacks. (AC +1, EV +1)


Message History

The orc hits you with a flail. The orc wizard casts a spell at you.
The magic dart hits you!
The orc wizard mumbles some strange words.
The orc wizard flickers and vanishes!
Deactivating autopickup; reactivate with Ctrl-A.
You see here a ring mail.
There is an open door here.
You see here a stone.
You see here 2 stones.
You are too injured to fight recklessly!
You are too injured to fight recklessly!
You barely miss the orc. Your grab misses the orc. Your squeeze misses the orc.
The orc hits you with a flail!
You tentacle-slap the orc. You grab the orc.
The orc is moderately wounded.
You constrict the orc.
The orc wizard mumbles some strange words.
The orc wizard blinks!
The orc hits you with a flail!
You die...

....####....o...o.{....†......
............[###'###......#+##
..........).(((#.# #..§...#
..........)..#.#.# #......#
......########o#.. ......?#
......# #o####.......# ......#
#.#<.#.......# ......#
#o##.#....%..+ #######
#.o@)#.#####.# ######


You could see 2 orcs.

Vanquished Creatures
  A scorpion (D:3)
  Natasha (twice) (D:2)
  Terence (D:3)
  3 adders
  2 oozes (D:1)
  A worm (D:2)
  3 dart slugs
  4 orcs (D:3)
  3 giant cockroaches (D:1)
  9 goblins
  9 hobgoblins
  3 jackals
  A quokka (D:3)
  4 bats
  3 frilled lizards
  9 kobolds
  9 rats
67 creatures vanquished.

Vanquished Creatures (collateral kills)
  A jackal (D:2)
1 creature vanquished.

Grand Total: 68 creatures vanquished

Notes
Turn   | Place    | Note
-------+----------+-------------------------------------------
     0 | D:1      | vatarom the Octopode Transmuter began the quest for the Orb.
     0 | D:1      | Reached XP level 1. HP: 13/13 MP: 3/3
   369 | D:1      | Reached XP level 2. HP: 9/18 MP: 3/5
   376 | D:1      | Learned a level 2 spell: Sticks to Snakes
   819 | D:1      | Reached XP level 3. HP: 13/23 MP: 6/6
  1033 | D:1      | Learned a level 3 spell: Spider Form
  1382 | D:2      | Reached skill level 4 in Unarmed Combat
  1519 | D:2      | Noticed Natasha
  1540 | D:2      | Killed Natasha
  1540 | D:2      | Reached XP level 4. HP: 10/28 MP: 3/7
  2000 | D:2      | Noticed Natasha
  2005 | D:2      | Killed Natasha
  2005 | D:2      | Reached XP level 5. HP: 5/33 MP: 5/8
  2255 | D:2      | Found a white marble altar of Elyvilon.
  2258 | D:2      | Found a shadowy altar of Dithmenos.
  2261 | D:2      | Found a sparkling altar of Nemelex Xobeh.
  2414 | D:3      | Noticed Terence
  2439 | D:3      | Killed Terence
  2864 | D:3      | Reached skill level 5 in Unarmed Combat
  2864 | D:3      | Reached XP level 6. HP: 24/38 MP: 5/9
  3088 | D:3      | Slain by an orc

Skill      XL: |  1  2  3  4  5 |
---------------+----------------+-----
Unarmed Combat | 4 5 |  5.1
Transmutations | 3 4 |  4.4
Fighting       | |  1.0
Dodging        | |  2.0
Spellcasting   | |  2.0

Action                   |  1- 3 |  4- 6 || total
-------------------------+-------+-------++-------
Melee: Unarmed           |    76 |    92 ||   168
       Constrict         |    20 |    19 ||    39
       Kick              |    11 |     2 ||    13
       Tentacles         |    17 |    17 ||    34
       Dagger            |     6 |       ||     6
       Punch             |     1 |     4 ||     5
 Cast: Beastly Appendage |    17 |     2 ||    19
       Sticks to Snakes  |     4 |     4 ||     8
       Spider Form       |       |     1 ||     1
  Use: Scroll            |     4 |     1 ||     5
       Potion            |     3 |       ||     3
 Stab: Sleeping          |     5 |     4 ||     9
       Distracted        |       |     1 ||     1
  Eat: Chunk             |     2 |     2 ||     4
       Bread ration      |       |     2 ||     2
Armor: Skin              |     8 |     9 ||    17
Dodge: Dodged            |    44 |    57 ||   101
